 Dungeon Crawl Stone Soup version 0.27-a0-1101-ge311f74bc8 (webtiles) character file.

Game seed: 518236340798359730

63 siradein the Cutter (level 3, 0/27 HPs)
             Began as a Vampire Gladiator on Apr 28, 2021.
             Slain by a gnoll
             ... wielding a +0 halberd
              (4 damage)
             ... on level 3 of the Dungeon.
             The game lasted 00:06:13 (2282 turns).

siradein the Cutter (Vampire Gladiator)             Turns: 2282, Time: 00:06:13

Health: 0/27       AC:  8    Str: 19    XL:     3   Next: 89%
Magic:  3/3        EV: 12    Int: 10    God:
Gold:   90         SH:  0    Dex: 16    Spells: 2/2 levels left

rFire    . . .     SeeInvis +   a - +0 rapier
rCold    . . .     Faith    .   (no shield)
rNeg     . . .     Spirit   .   i - +0 ring mail
rPois    .         Reflect  .   c - +0 helmet
rElec    .         Harm     .   g - +0 cloak
rCorr    .         Rampage  .   l - +0 pair of gloves
Will     .....                  (no boots)
Stlth    +.........             (no amulet)
HPRegen  0.29/turn              k - +6 ring of strength
MPRegen  0.08/turn              (no ring)

@: healing quickly
A: alive, fangs 3, see invisible, unbreathing 1, vampiric 2
a: Exsanguinate


You were on level 3 of the Dungeon.
You visited 1 branch of the dungeon, and saw 3 of its levels.

You collected 90 gold pieces.

Inventory:

Hand Weapons
 a - a +0 rapier (weapon)
Missiles
 d - 3 throwing nets (quivered)
Armour
 c - a +0 helmet (worn)
 g - a +0 cloak (worn)
 i - a +0 ring mail (worn)
 l - a +0 pair of gloves (worn)
Jewellery
 k - a +6 ring of strength (left hand)
Scrolls
 h - 4 scrolls of teleportation {unknown}
Potions
 b - a potion of attraction
 e - a potion of haste {unknown}
 f - 2 potions of invisibility
 j - a potion of curing
 m - a potion of mutation {unknown}


   Skills:
 - Level 1.7 Fighting
 + Level 5.3 Short Blades
 - Level 1.5 Throwing
 - Level 3.2 Dodging


You had 2 spell levels left.
You didn't know any spells.
Your spell library was empty.

Dungeon Overview and Level Annotations

Branches:
Dungeon (3/15)

Altars:
Elyvilon

Shops:
D:1 [


Innate Abilities, Weirdness & Mutations

Your natural rate of healing is accelerated.
You have razor-sharp teeth.
You have supernaturally acute eyesight. (SInv)
You can survive without breathing.
You are afflicted with vampirism and can become a bat while bloodless.


Message History

The endoplasm is severely wounded.
The endoplasm freezes you.
You are frozen.
You hit the endoplasm.
You kill the endoplasm!
No target in view!
A gnoll is nearby!
You start waiting.
A gnoll is nearby!
The gnoll hits you with a +0 halberd!
You barely miss the gnoll. You bite the gnoll, but do no damage.
The gnoll completely misses you.
You hit the gnoll but do no damage. The gnoll completely misses you.
You closely miss the gnoll. You bite the gnoll.
The gnoll is lightly wounded.
The gnoll barely misses you.
You hit the gnoll but do no damage. You bite the gnoll!
The gnoll is severely wounded.
The gnoll closely misses you.
You completely miss the gnoll.
The gnoll is severely wounded.
The gnoll hits you with a +0 halberd!
* * * LOW HITPOINT WARNING * * *
You closely miss the gnoll. Your bite misses the gnoll.
The gnoll is severely wounded.
The gnoll closely misses you.
Your ring mail prevents you from hitting the gnoll.
The gnoll is heavily wounded.
The gnoll closely misses you.
You hit the gnoll.
The gnoll is severely wounded.
The gnoll barely misses you.
You hit the gnoll.
The gnoll is severely wounded.
The gnoll hits you with a +0 halberd.
* * * LOW HITPOINT WARNING * * *
You barely miss the gnoll.
The gnoll is severely wounded.
The gnoll hits you with a +0 halberd.
You die...

#.# #.#<#.#.# #..#
#.# #.# #.#..g#.#
#..# #.# #.#
#.###...# #..# #.#
#.###.......# #..#
#.# .....#####.>#
#..######.## .....#
##.# #..........#
.....# #.#
#.########## .....#
#.######.# .....#
#.#..g@..# #+####
#.#.###### #.# #.#.#
#.#########.#.#
#.#...........#
#...........#########
#...#................
#.........###########
#.....###.#


You could see a gnoll.

Vanquished Creatures
  A gnoll (D:1)
  An adder (D:2)
  2 worms
  A ball python (D:3)
  6 endoplasms
  A giant cockroach (D:2)
  7 goblins
  5 hobgoblins
  2 bats
  4 frilled lizards
  2 kobolds
  4 rats
36 creatures vanquished.

Notes
Turn   | Place    | Note
-------+----------+-------------------------------------------
     0 | D:1      | siradein the Vampire Gladiator began the quest for the Orb.
     0 | D:1      | Reached XP level 1. HP: 16/16 MP: 1/1
   455 | D:1      | Reached skill level 4 in Short Blades
   455 | D:1      | Reached XP level 2. HP: 16/22 MP: 2/2
   541 | D:1      | Found Wuoguf's Antique Armour Emporium.
   705 | D:1      | Found a faded altar of an unknown god.
  1058 | D:2      | Gained mutation: You are afflicted with vampirism and can
                  | become a bat while bloodless. [Vampire growth]
  1058 | D:2      | Reached XP level 3. HP: 27/27 MP: 3/3
  1409 | D:2      | Reached skill level 5 in Short Blades
  2282 | D:3      | Slain by a gnoll

Illustrated notes

Levels and vault maps discovered:
D:1:      elethiomel_arrival_maze, layout_basic, serial_shops,
          nicolae_shop_overgrown_old_shop,
          hellmonk_ecumenical_altar_leap_of_faith,
          chequers_serial_rivers_micro_d
D:2:      minmay_skewed_foursquare, layout_rooms, basic_altar,
          roderic_roman_lattice
D:3:      layout_basic, feat_on_display

Skill      XL: |  1  2  3 |
---------------+----------+-----
Short Blades   | 4 5 |  5.3
Fighting       | |  1.7
Throwing       | |  1.5
Dodging        | |  3.2

Action                   || total
-------------------------++-------
Melee: Rapier            ||   119
       Bite              ||    18
  Use: Scroll            ||     4
Armor: Leather armour    ||     8
       Ring mail         ||    21
Dodge: Dodged            ||    67

Table legend: (Time is in decaauts)
 A = Elapsed time spent in this place.
 B = Non-inter-level travel time spent in this place.
 C = Inter-level travel time spent in this place.
 D = Time resting spent in this place.
 E = Time spent auto-exploring this place.
 F = Levels seen in this place.
 G = Mean time per level.
                   A        B        C        D        E       F      G
               +--------+--------+--------+--------+--------+-----+--------+
         Total |   2278 |   2228 |     50 |     43 |   1763 |   3 |  759.3 |
       Dungeon |   2278 |   2228 |     50 |     43 |   1763 |   3 |  759.3 |
               +--------+--------+--------+--------+--------+-----+--------+

Top non-repeatable levels by time:
     D:1: 1050 daAuts
     D:2: 766 daAuts
     D:3: 461 daAuts
